 Dungeon Crawl Stone Soup version 0.29.1-1-gd02db6906a (webtiles) character file.

Game seed: 7644787641409506103

1003 Glamhuggeren the Chopper (level 8, -1/102 HPs)
             Began as a Demonspawn Gladiator on Oct 7, 2022.
             Slain by Duvessa
             ... wielding a +0 short sword
              (3 damage)
             ... on level 5 of the Dungeon.
             The game lasted 00:13:51 (5986 turns).

Glamhuggeren the Chopper (Demonspawn Gladiator)     Turns: 5986, Time: 00:13:52

Health: -1/102     AC: 24    Str: 17    XL:     8   Next: 0%
Magic:  8/8        EV:  2    Int: 10    God:
Gold:   253        SH:  0    Dex: 14    Spells: 7/7 levels left

rFire   + . .      SeeInvis .   a - +0 war axe
rCold   + . .      Faith    .   (no shield)
rNeg    . . .      Spirit   .   (body armour currently unavailable)
rPois   +          Reflect  .   (helmet currently unavailable)
rElec   .          Harm     .   (cloak currently unavailable)
rCorr   .          Rampage  .   (gloves currently unavailable)
Will    .....      NoTele   +   (boots currently unavailable)
Stlth   ++........              (no amulet)
HPRegen 1.27/turn               d - ring of protection from cold
MPRegen 0.11/turn               v - ring of protection from fire

@: mighty, tree-form
A: stationary, stasis, torment immunity, boosted hp, (antennae 2), (yellow
scales 1), powered by death 3, demonic magic 1, (talons 1), robust 1
a: no special abilities


You were on level 5 of the Dungeon.
You were a tree.
You visited 2 branches of the dungeon, and saw 6 of its levels.

You collected 253 gold pieces.

Inventory:

Hand Weapons
 a - a +0 war axe (weapon)
Missiles
 e - a javelin (quivered)
 h - 25 stones
 k - 6 poisoned darts
Armour
 b - a +0 leather armour (melded)
 c - a +0 helmet
 p - a +0 tower shield
Jewellery
 d - a ring of protection from cold (left branch)
 v - a ring of protection from fire (right branch)
Scrolls
 f - 8 scrolls of identify {unknown}
 g - a scroll of immolation {unknown}
 j - 3 scrolls of teleportation {unknown}
 m - 3 scrolls of enchant weapon {unknown}
 n - 2 scrolls of butterflies {unknown}
 q - 2 scrolls of blinking {unknown}
 r - a scroll of noise {unknown}
 t - a scroll of brand weapon {unknown}
 w - a scroll of fear {unknown}
 y - a scroll of vulnerability {unknown}
Potions
 l - a potion of lignification
 o - 3 potions of cancellation
 s - a potion of resistance {unknown}
 x - a potion of haste {unknown}
 z - a potion of heal wounds {unknown}


   Skills:
 * Level 5.0 Fighting
 + Level 6.5 Axes
 - Level 2.0 Throwing
 + Level 2.9 Armour
 - Level 3.0 Dodging
 + Level 2.0 Stealth


You had 7 spell levels left.
You didn't know any spells.
Your spell library contained the following spells:

 Spells                   Type           Power      Damage    Failure   Level
 Sublimation of Blood     Necr           0%         N/A       50%         2
 Animate Armour           Summ/Erth      0%         N/A       98%         4
 Petrify                  Tmut/Erth      0%         N/A       98%         4
 Irradiate                Conj/Tmut      0%         3d11      100%        5
 Summon Forest            Summ/Tloc      0%         N/A       100%        5
 Dragon's Call            Summ           0%         N/A       100%        9


Dungeon Overview and Level Annotations

Branches:
Dungeon (5/15)             Temple (1/1) D:4

Altars:
Ashenzari
Cheibriados
Gozag
Makhleb
Nemelex Xobeh
Okawaru
Trog
Uskayaw
Wu Jian
Yredelemnul

Shops:
D:2 ?   D:5 :

Annotations:
D:5 Duvessa


Innate Abilities, Weirdness & Mutations

You are a tree.
Your roots penetrate the ground, keeping you stationary.
You cannot be teleported.
You are immune to unholy pain and torment.
Your maximum health is greatly increased.
Your equipment is partially melded.
((You have a pair of antennae on your head.))
((You are partially covered in yellow scales. (AC +2)))
You regenerate a lot of health from kills.
Spells you cast may paralyse adjacent enemies.
((You have sharp toenails.))
You are robust. (+10% HP)


Message History

* * * LOW HITPOINT WARNING * * *
Duvessa hits you but does no damage.
You closely miss Dowan.
Dowan is severely wounded.
You barely miss the water moccasin. You hit Duvessa but do no damage.
The water moccasin completely misses you.
Dowan casts a spell at you.
The puff of frost hits you but does no damage.
Duvessa hits you but does no damage.
The water moccasin bites you but does no damage.
You closely miss Dowan.
Dowan is severely wounded.
You miss the water moccasin. You barely miss Duvessa.
The water moccasin bites you but does no damage.
Dowan casts a spell at you. You resist with some effort.
Duvessa hits you but does no damage.
The water moccasin bites you but does no damage.
You slash Dowan!
You kill Dowan!
Duvessa screams in rage.
Duvessa goes berserk!
You completely miss Duvessa. You miss the water moccasin.
Duvessa hits you but does no damage.
The water moccasin bites you but does no damage.
Duvessa hits you but does no damage.
Your Fighting skill increases to level 5!
You have reached level 8!
You feel stronger.
Your demonic ancestry asserts itself...
A menacing aura infuses your magic.
You closely miss Duvessa.
Duvessa is severely wounded.
You closely miss the water moccasin.
The water moccasin bites you but does no damage.
Duvessa hits you with a +0 short sword.
* * * LOW HITPOINT WARNING * * *
The water moccasin bites you but does no damage.
Duvessa hits you but does no damage.
You hit Duvessa.
Duvessa is severely wounded.
You hit the water moccasin. Duvessa hits you with a +0 short sword.
You die...

#.<............####.
##...##.#####.......
#....#.......#####.
#..#.######..## #.
#..#.####8.8.8# #.
###..#...##.⌠.⌠.# #.
.(..##....8.∩.8# #.
##)###.)..)⌠.⌠.# #.
#e♣S.....8.8.8# #.
####'#####.#.## #.
#........#....# #.
#........####..# ..
#........# #.# ..
##.....)).# .#
..'....)...#
###........#######
#.##.####......# ##


You could see Duvessa (berserk) and a water moccasin.

Vanquished Creatures
  Grinder (D:5)
  A water moccasin (D:5)
  A black bear (D:4)
  A bullfrog (D:5)
  3 scorpions
  Dowan (D:5)
  A howler monkey (D:5)
  A jelly (D:4)
  2 orc priests (D:4)
  An iguana (D:5)
  An orc wizard (D:5)
  Robin (D:2)
  3 adders
  4 worms
  2 dart slugs
  10 orcs
  4 ball pythons
  7 bats
  9 endoplasms
  2 giant cockroaches
  8 goblins
  13 hobgoblins
  12 jackals
  A quokka (D:2)
  9 frilled lizards
  4 kobolds
  7 rats
  A spectral hobgoblin (D:2)
111 creatures vanquished.

Notes
Turn   | Place    | Note
-------+----------+-------------------------------------------
     0 | D:1      | Glamhuggeren the Demonspawn Gladiator began the quest for
                  | the Orb.
     0 | D:1      | Reached XP level 1. HP: 16/16 MP: 1/1
    60 | D:1      | Gained mutation: You have a pair of small antennae on your
                  | head. [demonic ancestry]
    60 | D:1      | Reached XP level 2. HP: 13/22 MP: 2/2
    66 | D:1      | Reached skill level 3 in Axes
   925 | D:1      | Gained mutation: You regenerate a little health from kills.
                  | [demonic ancestry]
   925 | D:1      | Reached XP level 3. HP: 18/28 MP: 3/3
  1562 | D:2      | Found a faded altar of an unknown god.
  1827 | D:2      | Noticed Robin
  1835 | D:2      | Gained mutation: You have sharp toenails. [potion of
                  | mutation]
  1835 | D:2      | Gained mutation: You are robust. (+10% HP) [potion of
                  | mutation]
  1843 | D:2      | Killed Robin
  1844 | D:2      | Reached skill level 1 in Armour
  1844 | D:2      | Gained mutation: You regenerate health from kills. [demonic
                  | ancestry]
  1844 | D:2      | Reached XP level 4. HP: 21/37 MP: 4/4
  1936 | D:2      | Reached skill level 4 in Axes
  1976 | D:2      | Found Loraid's Magic Scroll Emporium.
  2313 | D:3      | Found a broken altar of Ashenzari.
  2406 | D:3      | Found an ornate altar of the Wu Jian Council.
  2965 | D:4      | Noticed a black bear
  2976 | D:4      | Killed a black bear
  2977 | D:4      | Reached skill level 1 in Stealth
  2977 | D:4      | Gained mutation: You are partially covered in yellow
                  | scales. (AC +2) [demonic ancestry]
  2977 | D:4      | Reached XP level 5. HP: 9/45 MP: 5/5
  3504 | D:4      | Gained mutation: You regenerate a lot of health from kills.
                  | [demonic ancestry]
  3504 | D:4      | Reached XP level 6. HP: 33/51 MP: 6/6
  4370 | D:4      | Reached skill level 5 in Axes
  4551 | D:4      | Got the Parchment of the Gathering
  4594 | D:4      | Found a staircase to the Ecumenical Temple.
  4610 | Temple   | Entered the Ecumenical Temple
  4777 | D:5      | Entered Level 5 of the Dungeon
  4789 | D:5      | Found Peppih's Book Shoppe.
  4816 | D:5      | Noticed Grinder
  4840 | D:5      | Paralysed by Grinder for 3 turns
  4852 | D:5      | Killed Grinder
  4853 | D:5      | Gained mutation: You have a pair of antennae on your head.
                  | [demonic ancestry]
  4853 | D:5      | Reached XP level 7. HP: 21/59 MP: 7/7
  5154 | D:5      | Reached skill level 6 in Axes
  5691 | D:5      | Noticed Duvessa
  5877 | D:5      | Found a sparkling altar of Nemelex Xobeh.
  5969 | D:5      | Noticed Dowan
  5978 | D:5      | HP: 3/90 [Dowan/+0 dagger (3)]
  5981 | D:5      | HP: 1/90 [Dowan/puff of frost (2)]
  5984 | D:5      | Killed Dowan
  5985 | D:5      | Reached skill level 5 in Fighting
  5985 | D:5      | Gained mutation: Spells you cast may paralyse adjacent
                  | enemies. [demonic ancestry]
  5985 | D:5      | Reached XP level 8. HP: 3/68 MP: 8/8
  5986 | D:5      | Slain by Duvessa

Illustrated notes

Levels and vault maps discovered:
D:1:      heliophobic_arrival_glass_houses, layout_basic
D:2:      layout_basic, dreamdust_ecumenical_altar_drowned_temple, serial_shops,
          nicolae_shop_window_shopping, chequers_serial_rivers_micro_b,
          nrook_campfire, chequers_serial_rivers_small_a, uniq_robin
D:3:      layout_basic, general_overflow_altar,
          mainiacjoe_overflow_tiny_flanked, mainiacjoe_overflow_catwalk,
          serial_curves, eino_curves_01, eino_curves_02, eino_curves_02
D:4:      layout_loops_cross, minmay_temple_entry_nine_rooms,
          lemuel_flame_loot_1
D:5:      layout_basic, nemelex_xobeh_ov_fountains_minmay, serial_shops,
          nicolae_shop_temple_entry_statues_fountains, water_maze_lemuel,
          uniq_grinder, uniq_eustachio, uniq_duvessa
Temple:   nicolae_temple_little_seven

Skill      XL: |  1  2  3  4  5  6  7 |
---------------+----------------------+-----
Dodging        | 3 |  3.0
Axes           | 3 4 5 6 |  6.5
Armour         | 1 2 |  2.9
Fighting       | 3 4 5 |  5.0
Stealth        | 1 2 |  2.0
Throwing       | 2 |  2.0

Action                   |  1- 3 |  4- 6 |  7- 9 || total
-------------------------+-------+-------+-------++-------
Melee: War axe           |   101 |   140 |    73 ||   314
       Kick              |     2 |    39 |    17 ||    58
       Punch             |       |     1 |     2 ||     3
Throw: Throwing net      |       |     7 |     1 ||     8
  Use: Potion            |     5 |       |     2 ||     7
 Stab: Sleeping          |     2 |     2 |       ||     4
       Held in net/web   |       |     1 |       ||     1
       Distracted        |       |     1 |       ||     1
Armor: Leather armour    |    21 |    36 |    20 ||    77
       Skin              |       |       |    20 ||    20
Dodge: Dodged            |    99 |    80 |    35 ||   214
